 Dungeon Crawl Stone Soup version 0.18-a0-1789-gbeff17f (webtiles) character file.

57 macross the Grasshopper (level 3, 0/18 HPs)
             Began as a Spriggan Warper on Apr 21, 2016.
             Slain by a gnoll
             ... wielding a +2 spear of flaming
              (1 damage)
             ... on level 3 of the Dungeon.
             The game lasted 00:12:17 (3151 turns).

macross the Grasshopper (Spriggan Warper)           Turns: 3151, Time: 00:12:18

Health: 0/18       AC:  2    Str: 14    XL:     3   Next: 73%
Magic:  2/8        EV: 26    Int: 14    God:
Gold:   55         SH:  0    Dex: 21    Spells: 2 memorised, 5 levels left

rFire  . . .     SeeInvis +     s - +0 rapier
rCold  . . .     Gourm    .     b - +0 robe
rNeg   . . .     Faith    .     (shield restricted)
rPois  .         Spirit   .     (helmet restricted)
rElec  .         Dismiss  .     (no cloak)
rCorr  .         Reflect  .     (gloves unavailable)
SustAt +         Harm     .     (boots unavailable)
MR     .....                    (no amulet)
Stlth  +++.......               (no ring)
                                g - ring of sustain attributes

@: mighty, agile, very quick, not resistant to hostile enchantments, fairly
stealthy
A: unfitting armour, see invisible, herbivore 3, speed 3, slow metabolism 2,
strong 1
a: no special abilities


You were on level 3 of the Dungeon.
You were completely stuffed.

You visited 1 branch of the dungeon, and saw 3 of its levels.

You collected 55 gold pieces.

Inventory:

Hand Weapons
 a - a +0 falchion
 s - a +0 rapier (weapon)
Missiles
 e - 5 tomahawks of dispersal
 r - 7 tomahawks (quivered)
Armour
 b - a +0 robe (worn)
 j - a +0 robe
Jewellery
 g - a ring of sustain attributes (left hand)
Scrolls
 d - a scroll of blinking
 h - a scroll of teleportation
 n - a scroll of recharging
Potions
 f - a potion of mutation
 i - a potion of ambrosia
 m - a potion of agility
 p - 2 potions of magic {unknown}
 q - a potion of lignification
Books
 c - a book of Spatial Translocations

   Spells                             Type                      Level
   a - Apportation                    Translocation                1
   b - Blink                          Translocation                2
   c - Shroud of Golubria             Charms/Translocation         2
   d - Portal Projectile              Translocation                3
   e - Teleport Other                 Translocation                3
   f - Passage of Golubria            Translocation                4
Comestibles
 o - a bread ration


   Skills:
 + Level 2.0 Fighting
 - Level 2.0 Long Blades
 - Level 1.0 Throwing
 + Level 4.3 Dodging
 * Level 0.4 Stealth
 + Level 3.0 Spellcasting
 + Level 5.1 Translocations


You had 5 spell levels left.
You knew the following spells:

 Your Spells              Type           Power        Failure   Level  Hunger
a - Apportation           Tloc           ###.......   2%          1    #......
b - Blink                 Tloc           N/A          4%          2    ##.....


Dungeon Overview and Level Annotations

Branches:
Dungeon (3/15)

Altars:


Innate Abilities, Weirdness & Mutations

You are tiny and cannot use many weapons and most armour.
You have supernaturally acute eyesight.
You are a herbivore.
You cover ground extremely quickly.
You need consume almost no food.
Your muscles are strong. (Str +2)


Message History

* * * LOW HITPOINT WARNING * * *
The hound misses you. The gnoll completely misses you.
Casting: Blink
Confirm with . or Enter, or press ? or * to list all spells.
You blink.
Casting: Blink
Confirm with . or Enter, or press ? or * to list all spells.
You blink.
The hound completely misses you.
You open the door.
The hound completely misses you. x2; The hound bites you.
* * * LOW HITPOINT WARNING * * *
The hound completely misses you.
There is an open door here.
There's a creature in the doorway!
Casting: Blink
Confirm with . or Enter, or press ? or * to list all spells.
You blink.
The hound barely misses you. The hound misses you.
The gnoll hits you from afar with a spear of flaming.
* * * LOW HITPOINT WARNING * * *
The gnoll burns you.
You die...

### ...
#.# #.#
#.# #ยง#
####'###
#..hh..#
#.@.g..###
#........#
#...P.P..#
#.###'####
## ..+
...# #...+
#####


You could see 2 hounds and a gnoll.

Vanquished Creatures
  An ooze (D:2)
  3 giant geckos
  2 giant cockroaches
  3 goblins
  9 hobgoblins
  4 jackals (D:2)
  A quokka (D:2)
  9 bats
  5 giant newts
  3 kobolds (D:2)
  6 rats
46 creatures vanquished.

Vanquished Creatures (others)
  A giant gecko (D:1)
  A goblin (D:1)
  A rat (D:1)
3 creatures vanquished.

Grand Total: 49 creatures vanquished

Notes
Turn   | Place    | Note
--------------------------------------------------------------
     0 | D:1      | macross the Spriggan Warper began the quest for the Orb.
     0 | D:1      | Reached XP level 1. HP: 10/10 MP: 5/5
   402 | D:2      | Reached XP level 2. HP: 7/15 MP: 6/6
   693 | D:2      | Learned a level 2 spell: Blink
  1077 | D:2      | Reached XP level 3. HP: 12/18 MP: 8/8
  2140 | D:1      | Reached skill level 5 in Translocations
  3124 | D:2      | Gained mutation: Your muscles are strong. (Str +2) [potion of mutation]
  3151 | D:3      | Slain by a gnoll

Vault maps used:
D:1:      nicolae_arrival_somewhat_less_tricky_arrival, lemuel_flame_loot_1
D:3:      cheibrodos_gnoll_hut

Skill      XL: |  1  2  3 |
---------------+----------+-----
Fighting       | 2 |  2.0
Dodging        | 4 |  4.3
Long Blades    | 2 |  2.0
Translocations | 5 |  5.1
Spellcasting   | 3 |  3.0
Throwing       | |  1.0
Stealth        | |  0.4

Action                   || total
-------------------------++-------
Melee: Falchion          ||   160
       Rapier            ||     2
 Cast: Blink             ||    47
       Apportation       ||     2
  Use: Potion            ||     5
       Scroll            ||     3
 Stab: Sleeping          ||     2
  Eat: Bread ration      ||     2
Armor: Robe              ||    27
Dodge: Dodged            ||   202
